 Dungeon Crawl Stone Soup version 0.31-a0-360-gb3e1d13bf4 (webtiles) character file.

Game seed: 2643532020630678312

61 randomguy2701 the Shield-Bearer (level 3, -4/33 HPs)
             Began as a Minotaur Fighter on July 26, 2023.
             Splashed by a jelly's acid (11 damage)
             ... on level 2 of the Dungeon on July 27, 2023.
             The game lasted 00:01:16 (768 turns).

randomguy2701 the Shield-Bearer (Minotaur Fighter)   Turns: 768, Time: 00:01:17

Health: -4/33      AC:  3    Str: 20    XL:     3   Next: 83%
Magic:  2/2        EV:  9    Int:  5    God:
Gold:   83         SH:  4    Dex: 11    Spells: 2/2 levels left

rFire   . . .        a - +0 war axe
rCold   . . .        c - +0 buckler
rNeg    . . .        b - +0 scale mail
rPois   .            (helmet restricted)
rElec   .            (no cloak)
rCorr   .            (no gloves)
SInv    .            (no boots)
Will    .....        (no amulet) Stlth
                     (no ring)
HPRegen 0.25/turn    (no ring)
MPRegen 0.08/turn

%: no passive effects
@: corroded
A: horns 2, retaliatory headbutt
a: no special abilities


You were on level 2 of the Dungeon.
You visited 1 branch of the dungeon, and saw 2 of its levels.

You collected 83 gold pieces.

Inventory:

Hand Weapons
 a - a +0 war axe (weapon)
Armour
 b - a +0 scale mail (worn)
 c - a +0 buckler (worn)
Scrolls
 e - a scroll of amnesia {unknown}
 g - a scroll of identify {unknown}
 h - 2 scrolls of noise {unknown}
 j - a scroll of poison {unknown}
 l - 2 scrolls of fog {unknown}
Potions
 d - a potion of might
 f - 2 potions of attraction {unknown}
 i - 3 potions of curing {unknown}
 k - a potion of degeneration {unknown}
 m - a potion of brilliance {unknown}


   Skills:
 + Level 4.1 Fighting
 + Level 3.4 Axes
 + Level 4.2 Armour
 + Level 4.3 Shields


You had 2 spell levels left.
You didn't know any spells.
Your spell library was empty.

Dungeon Overview and Level Annotations

Branches:
Dungeon (2/15)

Altars:


Innate Abilities, Weirdness & Mutations

You have a pair of horns on your head.
You reflexively headbutt those who attack you in melee.


Message History

You hit the endoplasm.
You kill the endoplasm!
The endoplasm freezes you.
You are frozen.
You slash the endoplasm!
You kill the endoplasm!
No target in view!
You are no longer corroded.
A jelly comes into view.
A jelly is nearby!
A jelly is nearby!
A jelly and 2 endoplasms come into view.
Found four rat skeletons, a bat skeleton and a viscous emerald potion.
The endoplasm quivers.
The jelly quivers.
A nearby fungus withers and dies.
There is an open door here.
The endoplasm hits you but does no damage.
You hit the endoplasm. You headbutt the endoplasm.
You kill the endoplasm!
The jelly barely misses you.
You completely miss the jelly. You hit the endoplasm. You hit the jelly.
Your hands burn!
The jelly hits you but does no damage. The endoplasm barely misses you.
The jelly hits you but does no damage.
You hit the endoplasm.
You kill the endoplasm!
You hit the jelly.
Your hands burn!
You hit the jelly.
Your hands burn!
The jelly hits you but does no damage. The jelly closely misses you.
You furiously retaliate!
You headbutt the jelly.
You are too injured to fight recklessly!
There is an open door here.
The jelly attacks as you move away! The jelly barely misses you.
You see here a +0 short sword.
The jelly attacks as you move away! The jelly hits you.
You are splashed with acid!
* * * LOW HITPOINT WARNING * * *
There is an open door here.
The jelly attacks as you move away! The jelly hits you.
* * * LOW HITPOINT WARNING * * *
The acid corrodes you!
You are splashed with acid!
You die...

#### ... ..# ..#
########### #.#
#!...÷.##J####### #.#######
#PPP.P.#.#.#....###>.......
#.÷.÷..#.#J#.....##..######
#..PPP.#J#@#......'..#
#......#.#.......))..#
#..P...#.#.......)'..#
#÷..÷..#.#.......##..#
#P.PP.J'##......###..#
#......########## #.##
######## #.# #.# #.#


You could see 2 jellies.

Vanquished Creatures
  A jelly (D:2)
  2 ball pythons
  8 endoplasms
  A giant cockroach (D:1)
  A goblin (D:1)
  A hobgoblin (D:1)
  10 kobolds
  2 bats (D:1)
  4 frilled lizards
  A rat (D:1)
31 creatures vanquished.

Notes
Turn   | Place    | Note
-------+----------+-------------------------------------------
     0 | D:1      | randomguy2701 the Minotaur Fighter began the quest for the
                  | Orb.
     0 | D:1      | Reached XP level 1. HP: 19/19 MP: 0/0
     2 | D:1      | Noticed a vampire
     2 | D:1      | Noticed a troll
     4 | D:1      | Noticed a gargoyle
     4 | D:1      | Noticed a naga
     6 | D:1      | Noticed a human
     8 | D:1      | Noticed a felid
     8 | D:1      | Noticed an octopode
    10 | D:1      | Noticed an elf
    10 | D:1      | Noticed a tengu
    12 | D:1      | Noticed a demonspawn
    12 | D:1      | Noticed a spriggan
    14 | D:1      | Noticed a ghoul
    16 | D:1      | Noticed a formicid
    16 | D:1      | Noticed a vine stalker
    18 | D:1      | Noticed an armataur
    18 | D:1      | Noticed a minotaur
    20 | D:1      | Noticed a merfolk
    20 | D:1      | Noticed an ogre
    22 | D:1      | Noticed a meteoran
    22 | D:1      | Noticed a demigod
    24 | D:1      | Noticed a formicid
    26 | D:1      | Noticed a naga
    26 | D:1      | Noticed a vine stalker
   313 | D:1      | Reached XP level 2. HP: 26/27 MP: 1/1
   742 | D:2      | Reached XP level 3. HP: 27/33 MP: 2/2
   768 | D:2      | Splashed by a jelly's acid

Illustrated notes

Levels and vault maps discovered:
D:1:      kb_arrival_jail, layout_basic
D:2:      cheibrodos_fertilizer, layout_basic,
          shapermc_ecumenical_altar_mp_vishouse

Skill      XL: |  1  2 |
---------------+-------+-----
Armour         | 4 |  4.2
Shields        | 4 |  4.3
Fighting       | 4 |  4.1
Axes           | 3 |  3.4

Action                     || total
---------------------------++-------
  Melee: War axe           ||    51
         Headbutt          ||     5
 Armour: Scale mail        ||    26
  Dodge: Dodged            ||    20
  Block: Buckler           ||     8

Table legend: (Time is in decaauts)
 A = Elapsed time spent in this place.
 B = Non-inter-level travel time spent in this place.
 C = Inter-level travel time spent in this place.
 D = Time resting spent in this place.
 E = Time spent auto-exploring this place.
 F = Levels seen in this place.
 G = Mean time per level.
                   A        B        C        D        E       F      G
               +--------+--------+--------+--------+--------+-----+--------+
         Total |    788 |    769 |     19 |      0 |    623 |   2 |  394.0 |
       Dungeon |    788 |    769 |     19 |      0 |    623 |   2 |  394.0 |
               +--------+--------+--------+--------+--------+-----+--------+

Top non-repeatable levels by time:
     D:1: 578 daAuts
     D:2: 209 daAuts
